 Dungeon Crawl Stone Soup version 0.19.3-1-g3169bf9 (webtiles) character file.

9201 dngmouse the Spear-Bearer (level 11, -3/96 (97) HPs)
             Began as a Minotaur Fighter on Jan 25, 2017.
             Was a Believer of Hepliaklqana.
             Slain by an eight-headed hydra (4 damage)
             ... on level 11 of the Dungeon.
             The game lasted 00:32:22 (10547 turns).

dngmouse the Spear-Bearer (Minotaur Fighter)       Turns: 10547, Time: 00:32:22

HP:   -3/96 (97)    AC: 12    Str: 23    XL:     11   Next: 19%
MP:   11/11         EV: 11    Int:  5    God:    Hepliaklqana [**....]
Gold: 856           SH: 10    Dex: 15    Spells: 0 memorised, 10 levels left

rFire  . . .     SeeInvis .     a - +0 trident
rCold  . . .     Gourm    .     G - +0 ring mail (curse)
rNeg   . . .     Faith    .     c - +0 shield
rPois  .         Spirit   .     (helmet restricted)
rElec  .         Reflect  .     n - +0 cloak
rCorr  .         Harm     .     l - +0 pair of gloves
MR     .....     Rnd*Rage +     (no boots)
Stlth  +.........               M - amulet of magic regeneration
                                A - +3 ring of evasion
                                w - +2 ring of strength

@: no status effects
A: retaliatory headbutt, reduced essence, horns 2, talons 1, icy blue scales 1,
rugged brown scales 1, agile 1, berserk 1, low mp 1, screaming 1
a: Recall Ancestor, Ancestor Identity, Renounce Religion


You were on level 11 of the Dungeon.
You worshipped Hepliaklqana.
Hepliaklqana was pleased with you.
You were not hungry.

You visited 2 branches of the dungeon, and saw 12 of its levels.
You also visited: Sewer and Ossuary.

You collected 856 gold pieces.

Inventory:

Hand Weapons
 a - a +0 trident (weapon)
 z - a +0 scythe
 I - a +0 glaive
Missiles
 U - 25 sling bullets
Armour
 c - a +0 shield (worn)
 l - a +0 pair of gloves (worn)
 n - a +0 cloak (worn)
 x - a +0 chain mail
 G - a cursed +0 ring mail (worn)
Jewellery
 j - a +4 ring of dexterity
 w - a +2 ring of strength (left hand)
 A - a +3 ring of evasion (right hand)
 M - an amulet of magic regeneration (around neck)
Wands
 b - a wand of hasting (4/9)
 i - a wand of iceblast (7/15)
 B - a wand of slowing (28/48)
 C - a wand of iceblast (4/15)
 N - a wand of flame (25/48)
 P - a wand of iceblast (12/15)
 R - a wand of lightning (8/15)
 T - a wand of random effects (24/48)
Scrolls
 d - 2 scrolls of teleportation {unknown}
 e - 3 scrolls of remove curse
 k - a scroll of enchant armour {unknown}
 o - 7 scrolls of identify
 p - 2 scrolls of fear
 q - a scroll of blinking {unknown}
 y - 2 scrolls of magic mapping {unknown}
 E - 6 scrolls of recharging {unknown}
 F - 2 scrolls of amnesia {unknown}
 H - 2 scrolls of random uselessness {unknown}
 J - a scroll of enchant weapon {unknown}
 K - a scroll of fog
 S - a scroll of torment {unknown}
Potions
 g - 6 potions of curing
 m - a potion of flight
 r - a potion of might
 s - 3 potions of heal wounds
 t - 2 potions of brilliance
 v - 6 potions of haste
Comestibles
 f - 10 bread rations
 h - 6 meat rations
 u - a royal jelly
 D - 4 beef jerkies
 L - 2 slices of pizza
 O - 3 fruits


   Skills:
 + Level 12.5 Fighting
 + Level 14.3 Polearms
 - Level 7.7 Armour
 - Level 3.6 Shields
 - Level 3.4 Evocations


You had 10 spell levels left.
You didn't know any spells.

Dungeon Overview and Level Annotations

Branches:
Dungeon (11/15)            Temple (1/1) D:6            Lair (0/6) D:9
    Orc (0/2) D:9

Altars:
Ashenzari
Cheibriados
Dithmenos
Elyvilon
Fedhas
Gozag
Hepliaklqana
Kikubaaqudgha
Makhleb
Nemelex Xobeh
Okawaru
Qazlal
Ru
Sif Muna
Trog
Uskayaw
Vehumet
Xom
Yredelemnul
Zin
The Shining One

Shops:
D:5 }   D:6 *


Innate Abilities, Weirdness & Mutations

You reflexively headbutt those who attack you in melee.
You have a pair of horns on your head.
Your life essence is reduced. (-10% HP)
You have sharp toenails.
You are partially covered in icy blue scales. (AC +2)
You are partially covered in rugged brown scales. (AC +1, +3% HP)
You are agile. (Dex +2)
You tend to lose your temper in combat.
Your magical capacity is low. (-10% MP)
You occasionally shout uncontrollably at your foes.


Message History

The eight-headed hydra bites you! x2
* * * LOW HITPOINT WARNING * * *
You are too injured to fight recklessly!
Unknown command.
You are too injured to fight recklessly!
Okay, then.
You hit the eight-headed hydra.
The eight-headed hydra is severely wounded.
You hit the eight-headed hydra. You claw the eight-headed hydra.
You headbutt the eight-headed hydra.
The eight-headed hydra is almost dead.
The eight-headed hydra bites you!
* * * LOW HITPOINT WARNING * * *
The eight-headed hydra bites you but does no damage.
You block the eight-headed hydra's attack.
The eight-headed hydra bites you but does no damage. x3
The eight-headed hydra bites you!
* * * LOW HITPOINT WARNING * * *
The eight-headed hydra bites you.
You die...

#......#
#<.....#.
.#.#####........
..............#.
##.###........#
#.....#####
##...######>.
##..........
#@######### #D#
#'# ... .....
.......
?........
+.........+
#.........#


You could see an eight-headed hydra.

Vanquished Creatures
  An unseen horror (D:10)
  2 hill giants
  A wolf spider (D:10)
  A cyclops (D:10)
  A troll (D:10)
  A hornet (D:8)
  A hippogriff (D:9)
  Eustachio (D:4)
  A spriggan (D:7)
  Sigmund (D:3)
  The ghost of dngmouse the Poker, an amateur MiFi (D:4)
  A steam dragon (D:8)
  Menkaure (D:6)
  Edmund (D:6)
  2 hell hounds (D:9)
  A water moccasin (D:7)
  An ice beast (D:9)
  A necrophage (D:7)
  2 sky beasts
  3 orc warriors
  A phantom (D:4)
  2 centaurs
  5 ogres
  An elf zombie (Ossuary)
  4 big kobolds
  The ghost of Thrillho the Firebug, an amateur GrFE (D:3)
  3 bullfrogs
  Blork the orc (D:5)
  4 scorpions
  A water moccasin skeleton (D:3)
  7 wights (D:9)
  3 howler monkeys
  A centaur zombie (Ossuary)
  3 crimson imps
  9 hounds
  A human zombie (Ossuary)
  A quasit (D:10)
  Crazy Yiuf (D:5)
  2 bullfrog skeletons
  5 orc priests
  4 jellies
  2 iguanas
  8 orc wizards
  8 worker ants
  A big kobold zombie (Ossuary)
  3 hound zombies
  A hound skeleton (D:5)
  3 mummies (Ossuary)
  11 adders
  A river rat (Sewer)
  2 shadow imps
  3 oozes (Sewer)
  6 adder zombies
  3 worms
  2 dart slugs
  4 leopard geckos
  17 orcs
  5 ball pythons
  9 giant cockroaches
  6 goblins
  6 hobgoblins
  18 jackals
  3 quokkas
  5 bats
  5 frilled lizards
  3 gnoll zombies
  3 goblin zombies (Ossuary)
  3 hobgoblin zombies (Ossuary)
  A jackal skeleton (D:4)
  4 jackal zombies (Ossuary)
  15 kobolds
  5 kobold zombies (Ossuary)
  An orc zombie (Ossuary)
  A quokka skeleton (D:4)
  4 quokka zombies (Ossuary)
  8 rats
  4 rat zombies (Ossuary)
269 creatures vanquished.

Vanquished Creatures (collateral kills)
  A hippogriff (D:9)
  An ice beast (D:9)
  A hornet zombie (D:10)
  A black bear (D:8)
  A necrophage (D:10)
  A centaur (D:10)
  A bullfrog (D:10)
  2 scorpions (D:10)
  A hound (D:10)
  An orc priest (D:8)
  An orc wizard (D:9)
  A worker ant (D:9)
  4 orcs
  A jackal (D:10)
  A kobold (D:10)
19 creatures vanquished.

Vanquished Creatures (others)
  An ancestor (D:9)
  3 knights
4 creatures vanquished.

Grand Total: 292 creatures vanquished

Notes
Turn   | Place    | Note
-------+----------+-------------------------------------------
     0 | D:1      | dngmouse the Minotaur Fighter began the quest for the Orb.
     0 | D:1      | Reached XP level 1. HP: 19/19 MP: 0/0
    81 | D:1      | Reached skill level 3 in Polearms
   104 | D:1      | Reached XP level 2. HP: 24/27 MP: 1/1
   636 | D:2      | Reached XP level 3. HP: 24/33 MP: 2/2
   689 | D:2      | Found a basalt altar of Yredelemnul.
   707 | D:2      | You fall through a shaft for 2 floors!
   729 | D:4      | Reached skill level 4 in Polearms
   856 | D:4      | Noticed dngmouse's ghost (amateur MiFi)
   870 | D:4      | Killed dngmouse's ghost
   870 | D:4      | Reached skill level 5 in Fighting
   870 | D:4      | Reached skill level 5 in Polearms
   870 | D:4      | Reached XP level 4. HP: 3/42 MP: 3/3
   870 | D:4      | Reached XP level 5. HP: 4/48 MP: 4/4
  1179 | D:4      | Noticed an ogre
  1191 | D:4      | Reached skill level 6 in Polearms
  1193 | D:4      | Killed an ogre
  1193 | D:4      | Reached XP level 6. HP: 30/56 MP: 5/5
  1416 | D:3      | Noticed Thrillho's ghost (amateur GrFE)
  1421 | D:3      | Killed Thrillho's ghost
  1421 | D:3      | Reached skill level 7 in Polearms
  1424 | D:3      | Found an ancient bone altar of Kikubaaqudgha.
  1601 | D:3      | Noticed Sigmund
  1644 | D:3      | Killed Sigmund
  1644 | D:3      | Reached XP level 7. HP: 35/64 MP: 6/6
  1842 | D:3      | Found a glowing drain.
  1868 | Sewer    | Entered a sewer
  1887 | Sewer    | Reached skill level 8 in Polearms
  2611 | D:4      | Noticed Eustachio
  2641 | D:4      | Killed Eustachio
  2641 | D:4      | Reached skill level 9 in Polearms
  2739 | D:4      | Reached XP level 8. HP: 35/73 MP: 7/7
  3051 | D:4      | Reached skill level 10 in Polearms
  3294 | D:5      | Entered Level 5 of the Dungeon
  3294 | D:5      | Noticed Blork the orc
  3301 | D:5      | Killed Blork the orc
  3375 | D:5      | Found Busas's Gadget Boutique.
  3430 | D:5      | Found a runed door.
  3543 | D:5      | Reached skill level 11 in Polearms
  4154 | D:5      | Reached XP level 9. HP: 50/82 MP: 8/8
  4429 | D:5      | Noticed Crazy Yiuf
  4440 | D:5      | Killed Crazy Yiuf
  4703 | D:6      | Reached skill level 12 in Polearms
  4787 | D:6      | Noticed Menkaure
  4796 | D:6      | Killed Menkaure
  4830 | D:6      | Found a stormy altar of Qazlal.
  4980 | D:6      | Noticed Edmund
  4992 | D:6      | Killed Edmund
  5064 | D:6      | Found Ifigint's General Store.
  5302 | D:6      | Found a staircase to the Ecumenical Temple.
  5453 | D:7      | Reached skill level 1 in Evocations
  5669 | D:7      | Found a sand-covered staircase.
  5675 | Ossuary  | Entered an ossuary
  6127 | D:7      | Found an opulent altar of Gozag.
  6135 | D:7      | Found a hazy altar of Hepliaklqana.
  6330 | D:7      | Reached skill level 10 in Fighting
  6370 | D:7      | Reached skill level 5 in Armour
  6482 | Temple   | Entered the Ecumenical Temple
  6637 | D:7      | Became a worshipper of Hepliaklqana the Forgotten
  7033 | D:8      | Paralysed by a hornet for 3 turns
  7038 | D:8      | Reached XP level 10. HP: 55/82 MP: 11/11
  7264 | D:8      | Found a shimmering altar of Xom.
  7265 | D:8      | Found a hide-covered altar of Uskayaw.
  8046 | D:9      | Reached * piety under Hepliaklqana
  8133 | D:9      | Found a staircase to the Orcish Mines.
  8167 | D:9      | Gained mutation: You regenerate slowly when monsters are visible. [mutagenic meat]
  8168 | D:9      | Gained mutation: Scrolls take you a little longer to read. [mutagenic meat]
  8169 | D:9      | Gained mutation: You are robust. (+10% HP) [mutagenic meat]
  8171 | D:9      | Gained mutation: You are partially covered in icy blue scales. (AC +2) [potion of mutation]
  8171 | D:9      | Gained mutation: You tend to lose your temper in combat. [potion of mutation]
  8171 | D:9      | Gained mutation: Your system is resistant to poisons. (rPois) [potion of mutation]
  8408 | D:9      | Found a staircase to the Lair.
  8422 | D:9      | Reached skill level 13 in Polearms
  9118 | D:9      | Found a shattered altar of Ashenzari.
  9242 | D:10     | Entered Level 10 of the Dungeon
  9331 | D:10     | Reached ** piety under Hepliaklqana
  9332 | D:10     | Remembered your ancestor Inhapi as a knight
  9465 | D:10     | Noticed a wolf spider
  9466 | D:10     | Noticed a hill giant
  9474 | D:10     | Killed a wolf spider
  9691 | D:8      | Lost mutation: You regenerate slowly when monsters are visible. [potion of cure mutation]
  9691 | D:8      | Lost mutation: Scrolls take you a little longer to read. [potion of cure mutation]
  9691 | D:8      | Lost mutation: You are robust. (+10% HP) [potion of cure mutation]
  9691 | D:8      | Lost mutation: Your system is resistant to poisons. (rPois) [potion of cure mutation]
  9698 | D:9      | Killed a hill giant
  9751 | D:10     | Noticed a cyclops
  9763 | D:10     | Killed a cyclops
  9763 | D:10     | Reached XP level 11. HP: 22/92 MP: 12/12
 10083 | D:10     | Reached skill level 14 in Polearms
 10166 | D:10     | Killed an unseen horror
 10258 | D:10     | Noticed a hill giant
 10379 | D:10     | Noticed a hill giant
 10398 | D:10     | Killed a hill giant
 10437 | D:10     | Gained mutation: You have sharp toenails. [mutagenic meat]
 10438 | D:10     | Gained mutation: You are partially covered in rugged brown scales. (AC +1, +3% HP) [mutagenic meat]
 10439 | D:10     | Gained mutation: You are agile. (Dex +2) [mutagenic meat]
 10440 | D:10     | Gained mutation: You occasionally shout uncontrollably at your foes. [mutagenic meat]
 10441 | D:10     | Gained mutation: Your magical capacity is low. (-10% MP) [mutagenic meat]
 10534 | D:11     | Noticed an eight-headed hydra
 10547 | D:11     | HP: 1/96 [eight-headed hydra (11)]
 10547 | D:11     | Slain by an eight-headed hydra

Skill      XL: |  1  2  3  4  5  6  7  8  9 10 11 |
---------------+----------------------------------+-----
Polearms       | 3 5 6 7 9 11 12 13 14 | 14.3
Fighting       | 4 5 6 7 8 10 12 | 12.5
Armour         | 5 7 |  7.7
Evocations     | 2 3 |  3.4
Shields        | |  3.6

Action                   |  1- 3 |  4- 6 |  7- 9 | 10-12 || total
-------------------------+-------+-------+-------+-------++-------
Melee: Trident           |    89 |    48 |   584 |   318 ||  1039
       Headbutt          |    13 |     6 |   128 |    45 ||   192
       Kick              |       |       |       |     4 ||     4
Invok: Ancestor Identity |       |       |     1 |       ||     1
       Recall Ancestor   |       |       |       |     2 ||     2
       Ancestor Life: Kn |       |       |       |     1 ||     1
  Use: Potion            |     3 |     2 |       |     7 ||    12
       Scroll            |       |     5 |     1 |       ||     6
 Stab: Distracted        |       |       |       |     3 ||     3
  Eat: Chunk             |       |     2 |    16 |    20 ||    38
       Fruit             |       |       |     2 |       ||     2
Armor: Scale mail        |    38 |    12 |    29 |       ||    79
       Chain mail        |       |       |    88 |       ||    88
       Ring mail         |       |       |     9 |    58 ||    67
Dodge: Dodged            |    25 |    13 |    74 |    77 ||   189
Block: Shield            |    32 |    19 |   124 |    85 ||   260
